 Dungeon Crawl Stone Soup version 0.31-a0-691-g409c26aa35 (webtiles) character file.

Game seed: 18379855260853260243

34815 Dirtsage the Grappler (level 13, -6/133 HPs)
             Began as a Troll Shapeshifter on Sept 6, 2023.
             Was a Follower of Uskayaw.
             Mangled by an entropy weaver (14 damage)
             ... on level 3 of the Lair of Beasts.
             The game lasted 00:31:42 (10778 turns).

Dirtsage the Grappler (Troll Shapeshifter)         Turns: 10778, Time: 00:31:42

Health: -6/133     AC:  5    Str: 31    XL:     13   Next: 44%
Magic:  16/16      EV:  9    Int:  8    God:    Uskayaw [*.....]
Gold:   896        SH:  0    Dex: 11    Spells: 12/12 levels left

rFire   . .          .
                       - Unarmed
rCold   . . .        (no shield)
rNeg    . . .        G - +1 acid dragon scales
rPois   +            (helmet currently unavailable)
rElec   .            (cloak currently unavailable)
rCorr   +            (gloves unavailable)
SInv    .            (boots unavailable)
Will    .....        (no amulet)
Stlth   +            v - +6 ring of strength
HPRegen 1.22/turn    P - ring of poison resistance
MPRegen 0.15/turn

%: no passive effects
@: about to teleport, beast-form, corroded
A: beast (slay +4), large, unfitting armour, claws 3, regeneration 1, shaggy fur
1, tough skin 1
a: Begin Untransformation, Renounce Religion, Stomp


You were on level 3 of the Lair of Beasts.
You worshipped Uskayaw.
Uskayaw was noncommittal.
You were a hulking beast.
You visited 3 branches of the dungeon, and saw 14 of its levels.

You collected 896 gold pieces.

Inventory:

Missiles
 f - a curare-tipped dart
 k - a throwing net
Armour
 a - a +0 animal skin
 g - a +0 troll leather armour
 E - a +0 cloak
 G - +1 acid dragon scales (worn)
 K - a scarf of harm
 L - a +1 hat of see invisible
Magical Staves
 M - a staff of cold
 T - a staff of earth
Jewellery
 v - a +6 ring of strength (left claw)
 x - a +6 ring of dexterity
 J - an amulet of magic regeneration
 P - a ring of poison resistance (right claw)
Talismans
 c - a beast talisman (active)
 d - a flux talisman
 z - a maw talisman
Wands
 b - a wand of flame (35)
 p - a wand of roots (16)
 s - a wand of paralysis (21)
 y - a wand of acid (6)
 D - a wand of digging (10)
 F - a wand of polymorph (7)
Scrolls
 h - 5 scrolls of poison
 i - 3 scrolls of identify
 j - 5 scrolls of noise
 l - 2 scrolls of revelation
 r - 3 scrolls of amnesia
 t - 2 scrolls of teleportation
 B - 4 scrolls of blinking
 H - 2 scrolls of immolation
 N - 2 scrolls of enchant weapon
Potions
 e - 8 potions of degeneration {unknown}
 m - 2 potions of enlightenment {unknown}
 n - 2 potions of haste {unknown}
 o - 2 potions of magic {unknown}
 q - 5 potions of curing
 u - 2 potions of brilliance {unknown}
 w - 2 potions of attraction {unknown}
 A - 2 potions of heal wounds {unknown}
 C - 2 potions of lignification
 I - 3 potions of mutation {unknown}
 Q - a potion of resistance {unknown}
 R - a potion of ambrosia {unknown}
 S - a potion of invisibility {unknown}
Miscellaneous
 O - a phantom mirror


   Skills:
 + Level 9.9 Fighting
 + Level 2.3 Armour
 - Level 1.5 Dodging
 + Level 5.8 Shields
 - Level 14.0 Unarmed Combat
 + Level 5.8 Invocations
 + Level 11.2 Shapeshifting


You had 12 spell levels left.
You didn't know any spells.
Your spell library contained the following spells:

 Spells                   Type           Power      Damage    Failure   Level
 Magic Dart               Conj           0%         1d3       45%         1
 Slow                     Hex            0%         N/A       45%         1
 Summon Small Mammal      Summ           0%         N/A       45%         1
 Scorch                   Fire           0%         2d5       61%         2
 Searing Ray              Conj           0%         2d4       61%         2
 Call Canine Familiar     Summ           0%         N/A       83%         3
 Confusing Touch          Hex            0%         N/A       83%         3
 Ozocubu's Armour         Ice            0%         N/A       83%         3
 Summon Guardian Golem    Hex/Summ       0%         N/A       83%         3
 Vampiric Draining        Necr           0%         2d6       83%         3
 Flame Wave               Conj/Fire      0%         2d4       99%         4
 Fulminant Prism          Conj/Hex       0%         3d5       99%         4
 Leda's Liquefaction      Hex/Erth       0%         N/A       99%         4
 Passage of Golubria      Tloc           0%         N/A       99%         4
 Alistair's Intoxication  Tmut/Pois      0%         N/A       100%        5
 Borgnjor's Vile Clutch   Necr/Erth      0%         N/A       100%        5
 Lee's Rapid Deconstruct  Erth           0%         3d4*      100%        5
 Metabolic Englaciation   Hex/Ice        0%         N/A       100%        5
 Silence                  Hex/Air        0%         N/A       100%        5
 Summon Forest            Summ/Tloc      0%         N/A       100%        5
 Summon Mana Viper        Hex/Summ       0%         N/A       100%        5
 Eringya's Noxious Bog    Tmut/Pois      0%         4d6       100%        6
 Leda's Unmaking          Conj/Erth      0%         9d1       100%        6
 Simulacrum               Ice/Necr       0%         N/A       100%        6
 Summon Cactus Giant      Summ           0%         N/A       100%        6
 Lehudib's Crystal Spear  Conj/Erth      0%         10d2      100%        8


Dungeon Overview and Level Annotations

Branches:
Dungeon (10/15)            Temple (1/1) D:5            Lair (3/5) D:10
 Shoals (0/4) Lair:3       Spider (0/4) Lair:2          Orc (0/2) D:9

Altars:
Ashenzari
Cheibriados
Dithmenos
Elyvilon
Fedhas
Gozag
Hepliaklqana
Kikubaaqudgha
Makhleb
Nemelex Xobeh
Okawaru
Qazlal
Ru
Sif Muna
Trog
Uskayaw
Vehumet
Wu Jian
Xom
Yredelemnul
Zin
The Shining One

Shops:
D:5 (

Annotations:
D:10 1 transporter
Lair:1 2 transporters, Rysk's ghost, journeyman DrSh


Innate Abilities, Weirdness & Mutations

You are a hulking beast.
Your limbs bulge with bestial killing power. (Slay +4)
You are too large for most types of armour.
You have claws for hands.
Your natural rate of healing is unusually fast.
You are covered in fur. (AC +1)
You have tough skin. (AC +1)


Message History

You take 14 damage, and have 99/133 hp.
You miss the entropy weaver. You barely miss the entropy weaver.
Your claw misses the entropy weaver.
The entropy weaver hits you! x2; The entropy weaver misses you.
The entropy weaver completely misses you.
You take 13 damage, and have 87/133 hp.
You scratch the entropy weaver.
The entropy weaver is lightly wounded.
The entropy weaver hits you. The entropy weaver closely misses you.
The entropy weaver hits you! The entropy weaver barely misses you.
You take 17 damage, and have 70/133 hp.
You mangle the entropy weaver!!
The entropy weaver is moderately wounded.
The entropy weaver points at you and mumbles some strange words.
The entropic weave corrodes you!
You barely miss the entropy weaver. Your claw misses the entropy weaver.
The entropy weaver is moderately wounded.
The entropy weaver hits you! x4
* * * LOW HITPOINT WARNING * * *
You take 33 damage, and have 38/133 hp.
MASSIVE DAMAGE!!
As you read the scroll of teleportation, it crumbles to dust.
You feel strangely unstable. The entropy weaver hits you.
* * * LOW HITPOINT WARNING * * *
The entropy weaver misses you. The entropy weaver barely misses you.
The entropy weaver hits you!
* * * LOW HITPOINT WARNING * * *
You take 13 damage, and have 25/133 hp.
You feel better.
The entropy weaver hits you but does no damage.
The entropy weaver hits you!
* * * LOW HITPOINT WARNING * * *
The entropy weaver hits you but does no damage.
The entropy weaver hits you.
* * * LOW HITPOINT WARNING * * *
The entropy weaver barely misses you.
The entropy weaver completely misses you.
The entropy weaver hits you!
* * * LOW HITPOINT WARNING * * *
The entropy weaver hits you!
You die...

##.######..################..
#..###.#...#.. #..
######.........#รท# #..
P.##...........#.# #..
...............#.# #..
...............#.# #..
...............#t# #..
...............#B# #..
#....#.#.##....#h# #..
##..######.....#.# #(. ####
###.....#'##############..
####.P.......................
#.....P........#..#..#.......
##............###.####.......
#.............##.# ##......
#.............P.######......
#...........................


You could see an entropy weaver and a fire crab.

Vanquished Creatures
  Gastronok (Lair:2)
  A hydra (D:9)
  2 catoblepae
  A boulder beetle (D:9)
  Amaemon (D:8)
  2 fire crabs
  An orb spider (Lair:2)
  A deep elf pyromancer (D:8)
  An oklob plant (Lair:1)
  A cyclops (D:9)
  Joseph (D:8)
  A merfolk siren (Lair:3)
  8 elephants (Lair:2)
  Jeremiah (D:7)
  7 cane toads
  2 black mambas
  An orange demon (D:8)
  Maggie (D:6)
  An unseen horror (D:10)
  4 rime drakes
  10 komodo dragons
  A kobold demonologist (D:9)
  The ghost of DEFE the Ducker, a novice DESh (D:5)
  7 blink frogs
  A hornet (D:9)
  A troll (D:10)
  4 dream sheep (Lair:3)
  A shadow (D:9)
  A vampire (D:10)
  A wraith (D:10)
  5 basilisks
  33 yaks
  Grum (D:8)
  8 water moccasins
  7 orc warriors
  3 ogres
  A black bear (D:7)
  2 sky beasts
  26 wolves
  6 centaurs
  A phantom (D:4)
  4 kobold brigands
  9 bullfrogs
  3 wyvern zombies (D:8)
  3 scorpions
  12 wights
  7 killer bees
  4 howler monkeys (D:9)
  2 quasits (D:5)
  5 centaur zombies (D:8)
  4 hounds
  6 jellies
  5 orc priests
  A sleepcap (D:7)
  An iron imp (D:9)
  Terence (D:3)
  3 iguanas (D:6)
  5 orc wizards
  6 hell rats (Lair:3)
  A howler monkey zombie (D:8)
  Robin (D:3)
  5 gnolls (D:7)
  6 adders
  3 white imps
  An ufetubus (D:4)
  3 dart slugs
  A worm (D:2)
  49 orcs
  6 ball pythons
  2 endoplasms (D:1)
  A giant cockroach (D:1)
  13 goblins
  7 hobgoblins
  8 jackals
  4 quokkas
  3 bats
  4 frilled lizards
  18 kobolds
  6 rats
383 creatures vanquished.

Vanquished Creatures (others)
  A human (D:6)
1 creature vanquished.

Grand Total: 384 creatures vanquished

Notes
Turn   | Place    | Note
-------+----------+-------------------------------------------
     0 | D:1      | Dirtsage the Troll Shapeshifter began the quest for the
                  | Orb.
     0 | D:1      | Reached XP level 1. HP: 18/18 MP: 0/0
    61 | D:1      | You fall into a shaft and drop 1 floor!
    87 | D:2      | Reached skill level 1 in Fighting
    90 | D:2      | Reached XP level 2. HP: 26/27 MP: 1/1
   938 | D:2      | Reached XP level 3. HP: 33/33 MP: 2/2
  1476 | D:3      | Reached skill level 4 in Unarmed Combat
  1524 | D:3      | Found a faded altar of an unknown god.
  1529 | D:3      | Noticed Robin
  1544 | D:3      | Reached XP level 4. HP: 21/41 MP: 3/3
  1568 | D:3      | Killed Robin
  1636 | D:3      | Noticed Terence
  1651 | D:3      | Killed Terence
  1944 | D:3      | Noticed an angel
  1945 | D:3      | Found a glowing silver altar of Zin.
  2061 | D:4      | Reached XP level 5. HP: 46/49 MP: 4/4
  2120 | D:4      | Noticed a phantom
  2125 | D:4      | Killed a phantom
  2126 | D:4      | Reached skill level 5 in Unarmed Combat
  2189 | D:4      | Noticed an ogre
  2194 | D:4      | Killed an ogre
  2195 | D:4      | Reached XP level 6. HP: 35/59 MP: 5/5
  2662 | D:5      | Entered Level 5 of the Dungeon
  2673 | D:5      | Noticed a sky beast
  2684 | D:5      | Killed a sky beast
  2702 | D:5      | Found Myapraogh's Antique Weapon Emporium.
  2709 | D:5      | Reached skill level 6 in Unarmed Combat
  2736 | D:5      | Found a staircase to the Ecumenical Temple.
  2745 | Temple   | Entered the Ecumenical Temple
  2779 | D:5      | Reached XP level 7. HP: 50/67 MP: 6/6
  2892 | D:5      | Found a transporter.
  2896 | D:5      | Noticed DEFE's ghost (novice DESh)
  2918 | D:5      | Found a white marble altar of Elyvilon.
  3112 | D:5      | Found a transporter.
  3291 | D:5      | Killed DEFE's ghost
  3292 | D:5      | Reached skill level 7 in Unarmed Combat
  3292 | D:5      | Reached skill level 5 in Shapeshifting
  3292 | D:5      | Reached XP level 8. HP: 78/78 MP: 7/7
  3412 | D:7      | Noticed Jeremiah
  3417 | D:7      | Killed Jeremiah
  3418 | D:7      | Reached skill level 8 in Unarmed Combat
  3460 | D:7      | Identified the +7 rapier of Dithmenos {protect, Fly}
  3705 | D:7      | Found a shadowy altar of Dithmenos.
  3717 | D:7      | Reached skill level 9 in Unarmed Combat
  3717 | D:7      | Reached XP level 9. HP: 74/87 MP: 8/8
  3836 | D:7      | Reached skill level 5 in Fighting
  4127 | D:6      | Found an opulent altar of Gozag.
  4281 | D:6      | Found a stormy altar of Qazlal.
  4319 | D:6      | Found an ancient bone altar of Kikubaaqudgha.
  4414 | D:6      | Reached skill level 10 in Unarmed Combat
  4430 | D:6      | Noticed Maggie
  4439 | D:6      | Killed Maggie
  4772 | D:8      | Found a basalt altar of Yredelemnul.
  4790 | D:8      | Noticed Joseph
  4798 | D:8      | Killed Joseph
  4799 | D:8      | Reached XP level 10. HP: 20/98 MP: 9/9
  4894 | D:8      | Noticed Grum
  4903 | D:8      | Killed Grum
  4911 | D:8      | Reached skill level 11 in Unarmed Combat
  5332 | D:8      | Noticed a deep elf pyromancer
  5344 | D:8      | Killed a deep elf pyromancer
  5398 | D:8      | Noticed Amaemon
  5402 | D:8      | Noticed an orange demon
  5405 | D:8      | Killed Amaemon
  5410 | D:8      | Killed an orange demon
  5411 | D:8      | Reached skill level 12 in Unarmed Combat
  5522 | D:8      | Found a shimmering blue altar of Sif Muna.
  5788 | D:9      | Found a snail-covered altar of Cheibriados.
  5973 | D:9      | Paralysed by a hornet for 1 turns
  6013 | D:9      | Noticed a four-headed hydra
  6018 | D:9      | Killed a four-headed hydra
  6019 | D:9      | Reached XP level 11. HP: 48/109 MP: 10/10
  6030 | D:9      | Noticed a catoblepas
  6200 | D:9      | Killed a catoblepas
  6237 | D:9      | Found a bloodstained altar of Trog.
  6403 | D:9      | Reached skill level 13 in Unarmed Combat
  6435 | D:9      | Found a staircase to the Orcish Mines.
  6683 | D:9      | Noticed a boulder beetle
  6691 | D:9      | Killed a boulder beetle
  6883 | D:9      | Found a shimmering altar of Xom.
  7035 | D:10     | Entered Level 10 of the Dungeon
  7124 | D:10     | Found an ornate altar of the Wu Jian Council.
  7229 | D:10     | Found a hide-covered altar of Uskayaw.
  7300 | D:10     | Became a worshipper of Uskayaw the Reveller
  7347 | D:10     | Found a transporter.
  7418 | D:10     | Reached * piety under Uskayaw
  7540 | D:10     | Reached ** piety under Uskayaw
  7616 | D:10     | Found a staircase to the Lair.
  7824 | Lair:1   | Entered Level 1 of the Lair of Beasts
  7857 | Lair:1   | Reached *** piety under Uskayaw
  7860 | Lair:1   | Reached **** piety under Uskayaw
  7866 | Lair:1   | Reached ***** piety under Uskayaw
  7888 | Lair:1   | Reached skill level 14 in Unarmed Combat
  7973 | Lair:1   | You fall into a shaft and drop 1 floor!
  7987 | Lair:2   | Reached skill level 1 in Shields
  7987 | Lair:2   | Reached skill level 1 in Invocations
  7987 | Lair:2   | Reached XP level 12. HP: 93/122 MP: 11/11
  8086 | Lair:2   | Noticed Gastronok
  8117 | Lair:2   | Killed Gastronok
  8118 | Lair:2   | Reached skill level 10 in Shapeshifting
  8146 | Lair:2   | Found a hole to the Spider Nest.
  8627 | Lair:1   | Noticed a five-headed hydra
  8627 | Lair:1   | Noticed Rysk's ghost (journeyman DrSh)
  8654 | Lair:1   | Found a transporter.
  8750 | Lair:1   | Noticed a catoblepas
  8758 | Lair:1   | Killed a catoblepas
  8972 | Lair:1   | Found a transporter.
  9005 | Lair:1   | Reached XP level 13. HP: 126/131 MP: 15/15
  9181 | Lair:1   | Reached skill level 5 in Invocations
  9238 | Lair:1   | Reached skill level 5 in Shields
  9424 | Lair:1   | Saving game... please wait.
  9736 | Lair:3   | Found a staircase to the Shoals.
  9764 | Lair:3   | Reached skill level 1 in Armour
 10391 | Lair:3   | Found a runed translucent door.
 10778 | Lair:3   | Mangled by an entropy weaver

Illustrated notes

Levels and vault maps discovered:
D:1:      dpeg_arrival_tiny_k, layout_basic
D:2:      layout_loops_corners
D:3:      layout_basic, zin_angel, hellmonk_ecumenical_altar_heavens_door,
          uniq_terence, uniq_robin
D:4:      layout_cave_pools
D:5:      layout_basic, elyvilon_altar_1, minmay_temple_entry_butterflies,
          gammafunk_ghost_stat_death, nicolae_take_the_stairs,
          ebering_dispersal_statue_hall, amcnicky_mini_rare_corridor_liquid
D:6:      layout_cave_pools, mainiacjoe_overflow_concentric_impassable,
          nicolae_gozag_cash_rules_everything_around_me, tgw_kikubaaqudgha,
          uniq_maggie
D:7:      minmay_bubble_buster, layout_cave_pools,
          grunt_dithmenos_smoke_and_mirrors, dreamdust_gnoll_farm, uniq_jeremiah
D:8:      layout_rooms, led_sif_book, nicolae_yredelemnul_corpse_copse,
          guppyfry_early_elven_hall, uniq_amaemon, uniq_grum, uniq_joseph
D:9:      minmay_ornate_pinched, layout_long_grid, tgw_xom, slow_altar_2,
          mainiacjoe_overflow_surrounded_room, david_orc_5, item_on_display_a
D:10:     layout_irregular_city, nicolae_wu_jian_wuxing_cycle,
          lemuel_tele_altar, david_lair_shrubbed, nicolae_diode_basic
Temple:   kb_temple_of_zot
Lair:1:   layout_roguey, gammafunk_ghost_arena, minmay_lair_oklob_items
Lair:2:   layout_cave_shapes, nicolae_spider_entry_orb_guardian,
          lemuel_fruit_tree, uniq_gastronok
Lair:3:   gammafunk_mikee_crab_dinner, layout_chaotic_city,
          minmay_shoals_entry_lonely_mermaid, lemuel_fruit_fields

Skill      XL: |  1  2  3  4  5  6  7  8  9 10 11 12 13 |
---------------+----------------------------------------+-----
Fighting       | 1 2 3 4 6 7 8 9 |  9.9
Unarmed Combat | 4 5 6 7 9 10 12 14 | 14.0
Shapeshifting  | 4 5 6 7 8 9 10 11 | 11.2
Shields        | 1 4 5 |  5.8
Invocations    | 1 4 5 |  5.8
Armour         | 2 |  2.3
Dodging        | |  1.5

Action                     |  1- 3 |  4- 6 |  7- 9 | 10-12 | 13-15 || total
---------------------------+-------+-------+-------+-------+-------++-------
  Melee: Unarmed           |    84 |    80 |   201 |   447 |   147 ||   959
         Punch             |     1 |     4 |    14 |    41 |    15 ||    75
 Invoke: Line Pass         |       |       |       |     1 |     1 ||     2
  Evoke: Wand              |       |       |       |     3 |       ||     3
    Use: Potion            |       |     1 |     1 |     1 |     1 ||     4
         Scroll            |       |     3 |       |    10 |     2 ||    15
   Stab: Sleeping          |     1 |       |     1 |       |       ||     2
         Paralysed         |       |       |       |    15 |    11 ||    26
 Armour: Animal skin       |    62 |    50 |    98 |       |       ||   210
         Skin              |       |    26 |    38 |    41 |       ||   105
         Acid dragon scale |       |       |    28 |   215 |   125 ||   368
         Troll leather arm |       |       |       |   104 |       ||   104
  Dodge: Dodged            |    43 |    29 |    85 |   148 |    64 ||   369

Table legend: (Time is in decaauts)
 A = Elapsed time spent in this place.
 B = Non-inter-level travel time spent in this place.
 C = Inter-level travel time spent in this place.
 D = Time resting spent in this place.
 E = Time spent auto-exploring this place.
 F = Levels seen in this place.
 G = Mean time per level.
                   A        B        C        D        E       F      G
               +--------+--------+--------+--------+--------+-----+--------+
         Total |  10586 |  10170 |    416 |    507 |   7631 |  14 |  756.1 |
       Dungeon |   7711 |   7423 |    288 |    387 |   5671 |  10 |  771.1 |
        Temple |      1 |      1 |      0 |      0 |      0 |   1 |    1.0 |
          Lair |   2872 |   2744 |    128 |    120 |   1960 |   3 |  957.3 |
               +--------+--------+--------+--------+--------+-----+--------+

Top non-repeatable levels by time:
     D:9: 1245 daAuts
  Lair:3: 1072 daAuts
     D:8: 1011 daAuts
  Lair:1: 931 daAuts
  Lair:2: 869 daAuts
     D:2: 783 daAuts
    D:10: 777 daAuts
     D:5: 694 daAuts
     D:7: 694 daAuts
     D:3: 653 daAuts
     D:6: 639 daAuts
     D:4: 613 daAuts
     D:1: 598 daAuts
  Temple: 1 daAuts
